 Dungeon Crawl Stone Soup version 0.21-a0-632-g1e37ce5 (webtiles) character file.

1019 Lanoc the Slasher (level 8, -7/42 HPs)
             Began as a Vine Stalker Monk on Dec 27, 2017.
             Mangled by a centaur (8 damage)
             ... on level 5 of the Dungeon.
             The game lasted 00:22:39 (5249 turns).

Lanoc the Slasher (Vine Stalker Monk)               Turns: 5249, Time: 00:22:40

Health: -7/42      AC:  3    Str: 14    XL:     8   Next: 22%
Magic:  0/9        EV: 15    Int: 10    God:
Gold:   288        SH:  0    Dex: 19    Spells: 7/7 levels left

rFire    . . .     SeeInvis .   a - +0 falchion
rCold    . . .     Gourm    .   (no shield)
rNeg     + . .     Faith    .   w - +0 animal skin
rPois    .         Spirit   +   x - +0 helmet
rElec    .         Reflect  .   j - scarf {cloud immunity}
rCorr    .         Harm     .   (no gloves)
MR       +....                  (no boots)
Stlth    ++........             (no amulet)
HPRegen  0.54/turn              n - ring of wizardry
MPRegen  0.11/turn              g - ring of positive energy

@: no status effects
A: fangs 3, regeneration 1, magic shield, antimagic bite, no potion heal 3, rot
immunity
a: no special abilities


You were on level 5 of the Dungeon.
You were not hungry.

You visited 1 branch of the dungeon, and saw 5 of its levels.
You also visited: Sewer and Ossuary.

You collected 288 gold pieces.

Inventory:

Hand Weapons
 a - a +0 falchion (weapon)
Missiles
 l - 118 arrows
 u - 13 bolts
 A - 4 tomahawks (quivered)
Armour
 b - a +0 robe
 j - a scarf of cloud immunity (worn)
 w - a +0 animal skin (worn)
 x - a +0 helmet (worn)
Jewellery
 g - a ring of positive energy (right hand)
 n - a ring of wizardry (left hand)
 y - an uncursed ring of ice
Wands
 D - a wand of disintegration (14)
Scrolls
 h - 6 scrolls of teleportation {unknown}
 i - 4 scrolls of identify {unknown}
 k - 2 scrolls of random uselessness {unknown}
 m - 3 scrolls of fear {unknown}
 o - 4 scrolls of enchant armour {unknown}
 t - 3 scrolls of immolation {unknown}
 v - a scroll of fog {unknown}
 B - a scroll of amnesia {unknown}
 C - 2 scrolls of remove curse {unknown}
 E - 2 scrolls of holy word {unknown}
Potions
 d - a potion of invisibility {unknown}
 e - 2 potions of might {unknown}
 f - 8 potions of curing
 p - 8 potions of heal wounds {unknown}
 q - 5 potions of brilliance {unknown}
 r - 2 potions of agility {unknown}
 s - 2 potions of flight {unknown}
 z - a potion of haste
Books
 F - a book of Misfortune

   Spells                             Type                      Level
   a - Confusing Touch                Hexes                        1
   b - Confuse                        Hexes                        3
   c - Gell's Gravitas                Translocation                3
   d - Petrify                        Transmutation/Earth          4
   e - Metabolic Englaciation         Hexes/Ice                    5
   f - Yara's Violent Unravelling     Hexes/Transmutation          5
Comestibles
 c - 10 rations


   Skills:
 + Level 4.6 Fighting
 * Level 6.1 Long Blades
 + Level 3.1 Armour
 + Level 4.1 Dodging
 - Level 2.4 Stealth


You had 7 spell levels left.
You didn't know any spells.

Dungeon Overview and Level Annotations

Branches:
Dungeon (5/15)
 Temple: D:4-7

Altars:

Shops:
D:4 :

Annotations:
D:3 Gaball's ghost, amateur DsAK


Innate Abilities, Weirdness & Mutations

You have razor-sharp teeth.
Your natural rate of healing is unusually fast.
When hurt, damage is shared between your health and your magic reserves.
Your bite disrupts and absorbs the magic of your enemies.
Potions cannot restore your health.
You are immune to rotting.


Message History

The centaur shoots an arrow.
The arrow hits you.
You see here an arrow.
The centaur shoots an arrow.
The arrow hits you!
The centaur shoots an arrow.
The arrow completely misses you.
A quokka comes into view.
You see here 2 arrows.
The centaur shoots an arrow.
The arrow hits you!
The centaur unwields an uncursed shortbow.
The centaur hits you.
* * * LOW HITPOINT WARNING * * *
The centaur hits you!
* * * LOW HITPOINT WARNING * * *
You hit the centaur. You bite the centaur. You drain its power.
You feel invigorated.
The centaur is moderately wounded.
The centaur hits you.
* * * LOW HITPOINT WARNING * * *
You closely miss the quokka. Your bite misses the quokka.
The centaur completely misses you. The quokka bites you. The centaur hits you!
You die...

#.####...# #.# ******,,,,,,,,,
.....#...#####.# *,,,,,.,,,,,,,,
#.##.#......##.# *,,,,..,,,,,,,,
#.##.#......##.# *,,,......,,**#
#.##.#...[..##.# *,,.......,,*##
#.##.#......##(# *,.........,*#.
#.##........##(####..$........*#.
#.##............((............##.
#.###...........@r.....).........
.................c...............
#.#####..##.#..####.####.#######.
............#..## *.#***,#.......
#.#####.....#...# *.#,,,,#.......
#...............# *,#,,,,#.......
#######.........#**,*,,,,#.......
................#,,,,,,,,#.......
####......#.....#,*,*****###.....


You could see a centaur and a quokka.

Vanquished Creatures
  A centaur (D:5)
  2 big kobolds (Sewer)
  2 crimson imps (D:5)
  2 hounds
  A gnoll shaman (D:4)
  2 human zombies (Ossuary)
  3 iguanas
  2 orc wizards (D:3)
  4 worker ants (D:4)
  3 hound zombies
  4 mummies (Ossuary)
  Robin (D:4)
  3 gnolls
  6 river rats (Sewer)
  4 adders
  A howler monkey skeleton (D:4)
  An ooze (Sewer)
  2 worms (D:3)
  2 dart slugs
  2 orcs
  6 bats
  5 giant cockroaches
  14 goblins
  9 hobgoblins
  3 quokkas
  6 ball pythons (Sewer)
  5 frilled lizards
  2 gnoll zombies (Ossuary)
  A hobgoblin zombie (Ossuary)
  A jackal skeleton (D:5)
  2 jackal zombies (Ossuary)
  24 kobolds
  A kobold zombie (Ossuary)
  A quokka skeleton (D:5)
  29 rats
  2 rat zombies (Ossuary)
159 creatures vanquished.

Notes
Turn   | Place    | Note
-------+----------+-------------------------------------------
     0 | D:1      | Lanoc the Vine Stalker Monk began the quest for the Orb.
     0 | D:1      | Reached XP level 1. HP: 11/11 MP: 2/2
   252 | D:1      | Reached XP level 2. HP: 16/16 MP: 3/3
   299 | D:1      | Reached skill level 3 in Long Blades
   756 | D:2      | Reached XP level 3. HP: 14/19 MP: 2/4
  1141 | D:2      | Reached skill level 1 in Armour
  1532 | D:3      | Gained mutation: Your natural rate of healing is unusually fast. [Vine Stalker growth]
  1532 | D:3      | Reached XP level 4. HP: 21/24 MP: 5/5
  1613 | D:3      | Found a glowing drain.
  1638 | Sewer    | Entered a sewer
  1967 | Sewer    | Reached XP level 5. HP: 16/28 MP: 3/6
  2124 | Sewer    | Reached skill level 4 in Long Blades
  2149 | Sewer    | Noticed a big kobold
  2149 | Sewer    | Noticed a big kobold
  2160 | Sewer    | Killed a big kobold
  2168 | Sewer    | Killed a big kobold
  2168 | Sewer    | Reached XP level 6. HP: 23/32 MP: 7/7
  2548 | D:3      | Upgraded the game from 0.21-a0-630-g344d351 to 0.21-a0-632-g1e37ce5
  2812 | D:3      | Noticed Gaball's ghost (amateur DsAK)
  3299 | D:4      | Noticed Robin
  3315 | D:4      | Killed Robin
  3495 | D:4      | Reached XP level 7. HP: 6/37 MP: 4/8
  3571 | D:3      | Reached skill level 5 in Long Blades
  4571 | D:4      | Found Cef Kyn's Book Emporium.
  4672 | D:5      | Entered Level 5 of the Dungeon
  4823 | D:5      | Found a sand-covered staircase.
  4828 | Ossuary  | Entered an ossuary
  4871 | Ossuary  | Gained mutation: You have razor-sharp teeth. [Vine Stalker growth]
  4871 | Ossuary  | Reached XP level 8. HP: 42/42 MP: 9/9
  4989 | Ossuary  | Reached skill level 6 in Long Blades
  5248 | D:5      | HP: 1/42 [centaur (3)]
  5249 | D:5      | Mangled by a centaur

Vault maps used:
D:1:      roderic_chinese_lattice_arrival
D:2:      nicolae_overflow_hidden_temple
D:3:      cheibrodos_sewer_entry_bend, glass_columns_c, roderic_lattice_a
D:4:      serial_shops, shop_fountains, first_ration, uniq_robin
D:5:      cheibrodos_iron_armory, enter_ossuary_5, serial_glass,
          glass_columns_c, glass_columns_a
Sewer:    sewer_minmay_treatment
Ossuary:  ossuary_minmay_tomb_2a

Skill      XL: |  1  2  3  4  5  6  7  8 |
---------------+-------------------------+-----
Long Blades    | 3 4 5 6 |  6.1
Fighting       | 3 4 |  4.6
Armour         | 1 2 3 |  3.1
Dodging        | 3 4 |  4.1
Stealth        | |  2.4

Action                   |  1- 3 |  4- 6 |  7- 9 || total
-------------------------+-------+-------+-------++-------
Melee: Falchion          |    98 |   228 |   203 ||   529
       Bite              |    27 |    95 |    93 ||   215
  Use: Potion            |       |     2 |     1 ||     3
       Scroll            |       |     1 |     1 ||     2
 Stab: Sleeping          |     8 |     8 |     7 ||    23
  Eat: Chunk             |     2 |     7 |     3 ||    12
       Ration            |       |       |     1 ||     1
Armor: Robe              |    21 |    23 |       ||    44
       Animal skin       |       |     3 |    27 ||    30
Dodge: Dodged            |    56 |   180 |   161 ||   397
       Rpst.: Falchion   |    19 |    54 |    47 ||   120

Table legend:
 A = Spawn XP
 B = Non-spawn XP
 C = Spawn XP percentage of total XP
 D = Spawn monster count
 E = Non-spawn monster count
 F = Spawn count percentage of total count
 G = Total turns spent on level
                    A         B        C        D         E        F      G
               +---------+---------+-------+---------+---------+-------+---------
         Total |       0 |    1457 |   0.0 |       0 |     159 |   0.0 |  5249
               +---------+---------+-------+---------+---------+-------+---------
           D:1 |       0 |      25 |   0.0 |       0 |      15 |   0.0 |   566
           D:2 |       0 |      55 |   0.0 |       0 |      27 |   0.0 |   959
           D:3 |       0 |     190 |   0.0 |       0 |      22 |   0.0 |  1172
           D:4 |       0 |     374 |   0.0 |       0 |      23 |   0.0 |  1142
           D:5 |       0 |     269 |   0.0 |       0 |       8 |   0.0 |   283
         Sewer |       0 |     349 |   0.0 |       0 |      48 |   0.0 |   833
       Ossuary |       0 |     195 |   0.0 |       0 |      16 |   0.0 |   294
               +---------+---------+-------+---------+---------+-------+---------
